 Dungeon Crawl Stone Soup version 0.28.0-53-g5a82cb258f (webtiles) character file.

Game seed: 16536785787402415706

28 Tirrikindir the Skirmisher (level 3, 0/26 HPs)
             Began as an Octopode Fighter on Aug 10, 2022.
             Slain by Terence
             ... wielding a +4 hand axe of flaming
              (11 damage)
             ... on level 2 of the Dungeon.
             The game lasted 00:01:47 (999 turns).

Tirrikindir the Skirmisher (Octopode Fighter)        Turns: 999, Time: 00:01:48

Health: 0/26       AC:  1    Str: 15    XL:     3   Next: 14%
Magic:  3/3        EV: 13    Int: 10    God:
Gold:   17         SH:  4    Dex: 13    Spells: 2/2 levels left

rFire   . . .      SeeInvis .   a - +0 long sword (freeze)
rCold   . . .      Faith    .   b - +0 buckler
rNeg    . . .      Spirit   .   (helmet restricted)
rPois   .          Reflect  .   (no amulet)
rElec   .          Harm     .   (no ring)
rCorr   .          Rampage  .   (no ring)
Will    .....                   (no ring)
Stlth   +++.......              (no ring)
HPRegen 0.08/turn               (no ring)
MPRegen 0.08/turn               (no ring)
                                (no ring)
                                (no ring)

@: no status effects
A: almost no armour, amphibious, 8 rings, camouflage 1, gelatinous body 1,
(nimble swimmer 1), tentacles
a: no special abilities


You were on level 2 of the Dungeon.
You visited 1 branch of the dungeon, and saw 2 of its levels.

You collected 17 gold pieces.

Inventory:

Hand Weapons
 a - a +0 long sword of freezing (weapon)
Missiles
 e - 6 boomerangs (quivered)
Armour
 b - a +0 buckler (worn)
Scrolls
 i - a scroll of summoning {unknown}
Potions
 c - a potion of might
 d - a potion of heal wounds


   Skills:
 * Level 3.3 Fighting
 * Level 2.5 Long Blades
 + Level 3.2 Dodging
 + Level 1.1 Stealth
 + Level 3.1 Shields


You had 2 spell levels left.
You didn't know any spells.
Your spell library was empty.

Dungeon Overview and Level Annotations

Branches:
Dungeon (2/15)

Altars:

Annotations:
D:2 Terence


Innate Abilities, Weirdness & Mutations

You cannot wear most types of armour.
You are amphibious.
You can wear up to eight rings at the same time.
Your skin changes colour to match your surroundings (Stealth+).
Your rubbery body absorbs attacks. (AC +1, EV +1)
((You are camouflaged when in or above water. (Stealth+)))
You have tentacles for arms and can constrict up to eight enemies at once.


Message History

You hit the bat. You freeze the bat.
You kill the bat!
You see here a bat corpse.
Found a runed orb.
You see here an orb of light.
Found a stone staircase leading down.
There is a stone staircase leading down here.
There is a dry fountain here.
Done exploring.
(D) Dungeon
Where to? (? - help)
There is a dry fountain here.
There is a fountain of sparkling water here.
There is a stone staircase leading down here.
You climb downwards.
Found a long sword.
Found a stone staircase leading down.
There is a stone staircase leading up here.
You see here a +0 long sword.
Found a short sword.
A giant cockroach comes into view.
Found a fizzy ruby potion.
Terence the Incautious comes into view.
He is wielding a +4 hand axe of flaming.
Terence shouts!
The giant cockroach bites you.
You barely miss the giant cockroach. You grab the giant cockroach.
You constrict the giant cockroach, but do no damage.
You block the giant cockroach's attack. x2
You barely miss the giant cockroach. You squeeze the giant cockroach.
You kill the giant cockroach!
Terence says, "Don't bother to defend, it's pointless."
Terence hits you with a +4 hand axe of flaming.
Terence burns you.
You slash Terence! You freeze Terence. Your grab misses Terence.
Terence is heavily wounded.
Terence hits you with a +4 hand axe of flaming.
Terence burns you.
You hit Terence but do no damage. Your grab misses Terence.
Terence is heavily wounded.
Terence hits you with a +4 hand axe of flaming!
You die...

#.# #.# ##.# ##.###
#####.. #..# #.....
...#..## #..# #..)<.
#...... ..# #.....
####....# #.#####.....
........#####.#.........
#....@†##......###.....
#...!.@....).......>...
#...........#.#####.....
...#..##.##.#.# ###### .
#.# #......# #. #####..#
. #.... # #......
#.####.# #.. #


You could see Terence.

Vanquished Creatures
  4 ball pythons (D:1)
  2 endoplasms (D:1)
  A giant cockroach (D:2)
  3 goblins (D:1)
  2 hobgoblins (D:1)
  A jackal (D:1)
  4 quokkas (D:1)
  2 bats (D:1)
  2 frilled lizards (D:1)
  3 kobolds (D:1)
  A rat (D:1)
25 creatures vanquished.

Notes
Turn   | Place    | Note
-------+----------+-------------------------------------------
     0 | D:1      | Tirrikindir the Octopode Fighter began the quest for the
                  | Orb.
     0 | D:1      | Reached XP level 1. HP: 16/16 MP: 1/1
   207 | D:1      | Reached XP level 2. HP: 21/21 MP: 2/2
   448 | D:1      | Reached skill level 1 in Stealth
   653 | D:1      | Reached XP level 3. HP: 23/26 MP: 3/3
   993 | D:2      | Noticed Terence
   999 | D:2      | Slain by Terence

Illustrated notes

Levels and vault maps discovered:
D:1:      saegor_arrival_simple_c, layout_basic, grunt_decor_mini_mirrors,
          minmay_octomino_e4
D:2:      layout_rooms, corner_web_ring, minmay_fractal_squares_gapless_5,
          uniq_sigmund, uniq_terence

Skill      XL: |  1  2 |
---------------+-------+-----
Stealth        | 1 |  1.1
Fighting       | |  3.3
Long Blades    | |  2.5
Dodging        | |  3.2
Shields        | |  3.1

Action                   || total
-------------------------++-------
Melee: Long sword        ||    36
       Constrict         ||     7
       Tentacles         ||     5
  Use: Scroll            ||     4
 Stab: Sleeping          ||     5
Armor: Skin              ||     2
Dodge: Dodged            ||    12
Block: Buckler           ||    11
